Map: World of Sleepers LE

Players

Silky - Winner!

  • Race: Zerg Zerg
  • Spawn Location: 1:00

ShaDoWn

  • Race: Protoss Protoss
  • Spawn Location: 7:00

VOD

Have the link to the VOD?

Description

Time

  • Played on: Sept. 6, 2019, 7:04 p.m.
  • Length: 34:39
Show
View Real Time Build Order
Export as new Build Order

Silky Zerg - Winner!

Build Orders: Hatch First, Brood Lord Corruptor, Lurkers, Roach Hydra 

Get SALT Encoding   

  12  0:00  Drone  
  13  0:12  Overlord  
  13  0:16  Drone  
  14  0:30  Drone x2  
  16  0:47  Hatchery  
  15  0:51  Drone  
  15  0:54  Drone  
  17  0:57  Drone  
  18  1:08  Extractor  
  17  1:13  Spawning Pool  
  17  1:15  Drone  
  18  1:18  Drone  
  18  1:27  Drone  
  19  1:38  Drone  
  20  1:48  Overlord  
  20  2:00  Zergling x4, Queen x2  
  26  2:10  Drone  
  26  2:11  Drone  
  26  2:14  Metabolic Boost  
  28  2:21  Drone  
  28  2:22  Drone  
  30  2:34  Hatchery  
  29  2:38  Drone x2  
  31  2:44  Overlord  
  31  2:50  Queen  
  33  2:53  Drone  
  33  2:55  Drone  
  35  2:58  Drone  
  35  3:04  Drone x2  
  38  3:07  Drone x2  
  38  3:09  Drone  
  38  3:11  Drone  
  42  3:13  Drone  
  42  3:16  Drone  
  44  3:22  Overlord  
  44  3:25  Spore Crawler, Drone  
  44  3:39  Overlord  
  44  3:42  Spore Crawler, Queen  
  44  3:44  Drone x5  
  50  3:49  Drone x2  
  50  3:54  Extractor  
  50  3:55  Roach Warren  
  50  3:57  Drone x2  
  50  4:01  Lair  
  52  4:07  Drone x3  
  55  4:12  Spore Crawler  
  55  4:16  Zergling x10  
  59  4:21  Queen  
  61  4:25  Zergling x2  
  61  4:27  Overlord  
  62  4:37  Roach x2  
  59  4:52  Roach  
  59  4:53  Zergling x2, Roach x7  
  72  5:01  Glial Reconstitution, Drone  
  70  5:12  Drone x3  
  70  5:13  Overlord  
  73  5:17  Overlord  
  73  5:21  Overseer  
  73  5:26  Overlord x2  
  73  5:30  Extractor  
  73  5:31  Overlord  
  73  5:32  Drone  
  73  5:35  Overlord  
  73  5:36  Drone x5  
  73  5:41  Drone x2  
  73  5:42  Drone  
  81  5:46  Drone x3  
  81  5:47  Drone  
  81  5:49  Evolution Chamber  
  84  5:50  Hydralisk Den  
  84  5:54  Drone x4  
  87  5:58  Overlord  
  87  6:06  Drone x3  
  87  6:11  Drone x3  
  87  6:16  Zerg Missile Weapons Level 1  
  90  6:21  Drone x2  
  90  6:22  Drone x2  
  90  6:25  Drone x6  
  97  6:37  Grooved Spines  
  97  6:38  Extractor, Hydralisk x3  
  102  6:41  Overlord x2  
  102  6:45  Extractor  
  98  6:57  Drone, Hydralisk x2  
  98  6:58  Hydralisk  
  98  7:00  Drone x2  
  98  7:01  Drone  
  108  7:04  Extractor  
  107  7:09  Overlord  
  107  7:12  Drone x2  
  107  7:13  Lurker Den  
  107  7:15  Hydralisk  
  110  7:16  Overlord  
  108  7:27  Hydralisk x3  
  108  7:30  Queen  
  108  7:34  Hatchery  
  108  7:35  Drone  
  110  7:38  Overseer  
  110  7:39  Hydralisk  
  110  7:40  Hydralisk  
  110  7:42  Overlord  
  110  7:43  Roach x2  
  118  7:48  Drone  
  118  7:49  Roach x2  
  118  7:50  Roach x2  
  127  7:56  Pneumatized Carapace  
  127  8:00  Hydralisk x2  
  127  8:05  Drone x5  
  136  8:14  Zerg Missile Weapons Level 2  
  136  8:15  Muscular Augments  
  136  8:18  Hydralisk  
  136  8:19  Hatchery  
  137  8:20  Zergling x2  
  137  8:21  Zergling x6  
  141  8:27  Overlord  
  141  8:29  Overseer  
  141  8:32  Overlord x2  
  141  8:33  Overlord  
  141  8:43  Overlord x2  
  141  8:45  Lurker x3  
  141  8:46  Lurker  
  141  8:47  Drone x4  
  141  8:48  Drone x2  
  151  8:50  Unknown  
  150  8:58  Hydralisk x4  
  150  9:01  Overlord  
  158  9:08  Infestation Pit  
  157  9:13  Lurker  
  158  9:17  Drone  
  158  9:18  Drone x4  
  158  9:22  Lurker x2  
  158  9:23  Spore Crawler  
  164  9:24  Spore Crawler  
  164  9:27  Drone x7  
  170  9:37  Hydralisk x2  
  170  9:38  Roach x4, Hydralisk x3  
  178  9:52  Hive  
  178  9:56  Spire  
  178  9:58  Overlord  
  173  10:00  Spore Crawler, Drone x6  
  173  10:01  Unknown  
  173  10:02  Spine Crawler  
  173  10:04  Spine Crawler x3  
  173  10:05  Spine Crawler  
  168  10:14  Roach x8  
  149  10:25  Hydralisk  
  149  10:26  Hydralisk x6  
  161  10:33  Roach  
  161  10:34  Roach x4  
  169  10:45  Lurker x2  
  169  10:46  Lurker  
  172  10:51  Hatchery  
  165  11:01  Drone x4  
  165  11:02  Spore Crawler, Unknown  
  165  11:03  Spore Crawler  
  150  11:16  Greater Spire, Zerg Missile Weapons Level 3  
  150  11:18  Evolution Chamber  
  143  11:19  Hydralisk x6  
  155  11:27  Roach x3  
  155  11:28  Roach x5  
  154  11:36  Drone x6  
  159  11:40  Corruptor x2  
  159  11:43  Corruptor x2  
  158  11:47  Corruptor  
  160  11:56  Corruptor  
  160  11:58  Drone  
  163  12:07  Zerg Melee Weapons Level 1  
  163  12:08  Hatchery  
  157  12:28  Brood Lord x5  
  165  12:31  Brood Lord  
  165  12:33  Drone x5  
  172  12:37  Spine Crawler x2  
  172  12:41  Overlord x2  
  166  12:46  Drone x5  
  166  12:48  Extractor  
  166  12:49  Spore Crawler, Extractor  
  166  12:50  Drone x2  
  166  12:51  Drone x2, Spine Crawler x2  
  171  12:52  Spine Crawler  
  171  12:54  Spine Crawler  
  171  12:56  Corruptor  
  171  12:57  Corruptor  
  172  13:03  Drone x3  
  174  13:09  Corruptor  
  174  13:10  Corruptor x2  
  174  13:12  Zerg Flyer Weapons Level 1  
  177  13:14  Drone x2  
  177  13:15  Drone  
  180  13:23  Overseer  
  180  13:24  Overseer  
  180  13:38  Corruptor x3  
  180  13:39  Corruptor x2  
  190  13:53  Zerg Ground Armor Level 1  
  174  13:58  Zergling x44  
  194  14:07  Corruptor x3  
  198  14:14  Drone x3  
  198  14:15  Drone  
  199  14:28  Spine Crawler  
  199  14:29  Spine Crawler x2  
  196  14:32  Hatchery  
  196  14:34  Queen  
  196  14:35  Drone x2  
  196  14:36  Spine Crawler  
  196  14:37  Spine Crawler  
  197  14:46  Viper  
  197  14:48  Overlord  
  200  14:52  Spire  
  200  14:55  Viper  
  196  15:04  Zerg Melee Weapons Level 2  
  193  15:11  Corruptor x4  
  193  15:13  Zerg Flyer Weapons Level 2  
  199  15:17  Drone  
  200  15:27  Queen  
  200  15:28  Drone x2, Spine Crawler  
  197  15:29  Spore Crawler  
  197  15:31  Spore Crawler x2  
  190  15:37  Extractor x2  
  190  15:39  Viper, Hatchery  
  190  15:40  Viper  
  190  15:42  Brood Lord x2  
  196  15:43  Brood Lord  
  196  15:46  Drone  
  196  15:47  Ultralisk Cavern  
  198  15:51  Drone  
  199  16:03  Overseer x2  
  199  16:05  Zerg Flyer Armor Level 1  
  196  16:11  Overseer x2  
  196  16:15  Hydralisk  
  196  16:16  Zergling x2, Hydralisk  
  195  16:35  Chitinous Plating  
  195  16:39  Overseer x2  
  195  16:41  Brood Lord  
  195  16:42  Brood Lord  
  198  16:48  Corruptor  
  200  17:04  Spore Crawler, Spine Crawler  
  200  17:05  Spore Crawler x2, Spine Crawler  
  200  17:07  Zergling x10  
  200  17:32  Zerg Flyer Weapons Level 3, Zerg Ground Armor Level 2  
  200  17:33  Zerg Melee Weapons Level 3  
  200  17:48  Spore Crawler  
  200  17:49  Spore Crawler  
  200  17:50  Spore Crawler x2  
  200  17:51  Spore Crawler  
  195  17:53  Anabolic Synthesis  
  195  17:59  Zerg Flyer Armor Level 2  
  193  18:08  Ultralisk  
  196  18:44  Ultralisk  
  196  18:45  Zergling x6  
  199  18:49  Baneling Nest  
  198  18:59  Zergling x2  
  193  19:13  Ultralisk  
  196  19:24  Viper  
  196  19:30  Ultralisk  
  200  19:44  Hatchery  
  199  19:55  Zerg Ground Armor Level 3  
  199  20:08  Pathogen Glands  
  199  20:10  Overseer  
  199  20:21  Overseer  
  199  20:22  Overseer x3  
  199  20:49  Spine Crawler  
  195  20:50  Spine Crawler x2  
  195  20:53  Drone x3  
  190  21:01  Spore Crawler x3  
  190  21:02  Spore Crawler  
  190  21:03  Spore Crawler  
  182  21:04  Spore Crawler  
  182  21:05  Neural Parasite, Spore Crawler  
  180  21:15  Corruptor x10  
  199  21:51  Hatchery  
  198  21:55  Spine Crawler  
  198  21:57  Spore Crawler  
  198  21:58  Spore Crawler x2  
  198  21:59  Spore Crawler  
  190  22:05  Infestor x4  
  198  22:10  Drone  
  199  22:30  Drone  
  199  22:35  Hatchery  
  199  22:44  Spore Crawler  
  199  22:45  Spore Crawler  
  199  22:48  Corruptor  
  188  23:06  Zergling x18, Ultralisk  
  200  23:13  Drone  
  195  23:39  Corruptor x5  
  199  23:48  Zerg Flyer Armor Level 3  
  187  23:52  Brood Lord x3  
  187  23:57  Drone x5  
  187  23:58  Drone  
  187  23:59  Drone x7  
  187  24:01  Spine Crawler  
  174  24:18  Ultralisk  
  174  24:19  Zergling x26  
  177  24:25  Drone x2  
  177  24:30  Infestor x2  
  177  24:31  Infestor x2  
  185  24:32  Drone x6  
  183  24:54  Infestor x8  
  199  25:19  Overlord x4  
  199  25:20  Overlord x3  
  194  25:33  Corruptor x3  
  194  25:35  Adrenal Glands  
  194  25:49  Corruptor x3  
  193  25:58  Drone  
  193  25:59  Drone x2  
  193  26:00  Unknown  
  193  26:03  Brood Lord  
  195  26:22  Hatchery  
  191  26:40  Viper  
  191  26:46  Baneling x4  
  194  27:04  Ultralisk  
  197  27:46  Corruptor  
  199  27:58  Infestor x2  
  199  28:11  Infestor x2  
  199  28:12  Infestor x2  
  197  28:33  Drone x2  
  199  28:39  Drone  
  199  28:40  Extractor  
  199  28:41  Extractor  
  197  28:45  Spore Crawler x4  
  190  28:49  Ultralisk  
  172  29:10  Drone x6  
  172  29:12  Viper x2  
  172  29:13  Corruptor x4  
  172  29:14  Corruptor x2  
  172  29:15  Drone x4  
  200  29:17  Overseer  
  200  29:30  Spore Crawler, Spine Crawler  
  198  29:31  Spore Crawler  
  198  29:37  Infestor  
  199  29:49  Zergling x4  
  197  29:52  Zergling x2  
  197  29:53  Zergling x2  
  199  30:05  Burrow  
  199  30:25  Overseer  
  199  30:26  Overseer x3  
  196  30:49  Zergling x4  
  199  30:50  Zergling x2  
  199  30:56  Overseer  
  197  30:59  Spore Crawler, Drone x3  
  197  31:00  Spore Crawler  
  196  31:04  Infestor  
  196  31:05  Spine Crawler  
  192  31:44  Ultralisk  
  198  31:55  Zergling x4  
  199  32:08  Drone x3  
  197  32:18  Zergling x6  
  193  32:27  Ultralisk  
  193  32:28  Ultralisk  
  191  32:55  Zergling x6, Ultralisk  
  200  33:25  Queen  
  200  33:26  Spore Crawler  
  199  33:27  Drone x2  
  199  33:30  Spore Crawler x3  
  199  33:31  Zergling x10  
  199  33:32  Spore Crawler  
  199  33:34  Spore Crawler  
  198  33:46  Zergling x2  
  198  33:47  Zergling x8  
  155  34:13  Zergling x34  
Show
View Real Time Build Order
Export as new Build Order

ShaDoWn Protoss 

Build Orders: 1 Gate Expand, Archon Immortal, Carriers, Archon Drop, Dark Templar Rush 

Get SALT Encoding   

  12  0:00  Probe  
  13  0:12  Probe  
  14  0:21  Pylon  
  14  0:24  Probe  
  15  0:35  Probe  
  15  0:40  Gateway  
  16  0:43  Probe  
  16  0:49  Assimilator  
  17  0:53  Probe  
  18  1:05  Probe  
  19  1:17  Probe  
  20  1:24  Nexus  
  20  1:35  Cybernetics Core  
  20  1:36  Probe  
  21  1:42  Assimilator  
  21  1:48  Probe  
  21  1:50  Pylon  
  22  2:00  Probe  
  23  2:01  Adept  
  23  2:12  Probe  
  26  2:24  Warp Gate, Probe  
  26  2:28  Twilight Council  
  27  2:31  Stalker  
  27  2:33  Probe  
  27  2:34  Probe  
  30  2:41  Probe  
  30  2:42  Probe  
  31  2:50  Probe  
  33  2:52  Probe  
  33  2:55  Robotics Facility  
  35  3:03  Probe  
  36  3:05  Probe  
  37  3:14  Dark Shrine  
  37  3:15  Probe  
  37  3:18  Gateway, Probe  
  39  3:27  Probe  
  39  3:31  Gateway x2  
  39  3:32  Warp Prism  
  41  3:39  Probe  
  42  3:47  Pylon  
  43  3:50  Probe  
  43  3:51  Probe  
  43  3:53  Assimilator  
  45  3:55  Assimilator  
  45  4:02  Probe  
  46  4:05  Probe  
  46  4:07  Pylon  
  47  4:12  Adept  
  47  4:14  Probe  
  50  4:17  Probe  
  51  4:26  Probe  
  51  4:29  Probe  
  53  4:35  Dark Templar x4  
  60  4:42  Probe x2  
  62  4:56  Probe  
  61  5:02  Pylon  
  61  5:10  Immortal  
  61  5:12  Archon  
  61  5:16  Pylon  
  61  5:18  Nexus  
  61  5:22  Dark Templar  
  61  5:24  Sentry  
  61  5:26  Zealot  
  67  5:28  Pylon, Probe  
  67  5:30  Archon  
  67  5:31  Probe  
  67  5:34  Zealot  
  71  5:39  Forge  
  71  5:40  Probe  
  72  5:42  Observer  
  72  5:43  Probe  
  72  5:48  Dark Templar  
  76  5:52  Probe, Sentry  
  76  5:56  Pylon, Probe  
  80  5:59  Zealot x2  
  80  6:04  Immortal  
  84  6:09  Probe  
  84  6:10  Probe  
  86  6:17  Pylon  
  86  6:18  Protoss Ground Weapons Level 1  
  86  6:21  Probe  
  86  6:22  Probe  
  88  6:25  Shield Battery  
  88  6:26  Stalker x2  
  88  6:30  Probe  
  93  6:33  Probe  
  93  6:34  Probe  
  95  6:40  Immortal  
  95  6:42  Probe  
  95  6:44  Pylon, Charge  
  95  6:45  Probe  
  95  6:46  Probe  
  102  6:55  Probe  
  102  6:57  Probe  
  104  7:04  Probe  
  104  7:07  Probe, Assimilator x2  
  106  7:09  Sentry  
  106  7:14  Immortal  
  108  7:16  Photon Cannon  
  108  7:18  Zealot x3  
  118  7:25  Probe  
  118  7:28  Probe  
  121  7:31  Robotics Facility  
  121  7:34  Templar Archives, Pylon  
  121  7:37  Probe  
  121  7:41  Zealot  
  123  7:44  Gateway  
  123  7:46  Gateway x2  
  123  7:47  Immortal  
  127  7:59  Psionic Storm  
  127  8:10  High Templar  
  127  8:11  High Templar  
  132  8:14  Pylon  
  132  8:15  Pylon  
  132  8:17  Pylon  
  131  8:21  High Templar  
  131  8:24  Pylon  
  133  8:32  Immortal x2  
  133  8:33  Nexus  
  141  8:36  High Templar  
  141  8:46  High Templar  
  141  8:47  High Templar  
  145  8:50  Gateway  
  145  8:52  Photon Cannon  
  145  8:54  Shield Battery, Probe  
  146  8:58  Pylon  
  146  9:04  Observer  
  146  9:12  Immortal  
  151  9:23  Immortal  
  155  9:33  High Templar x2  
  155  9:34  Zealot x5  
  169  9:39  Pylon  
  169  9:40  Archon, Unknown  
  168  9:48  Zealot, Probe  
  168  9:51  Immortal  
  170  9:54  Zealot x2  
  174  10:02  Immortal, Zealot x3  
  157  10:18  Zealot x5  
  151  10:28  Probe x3  
  152  10:30  Immortal  
  152  10:33  Probe  
  152  10:34  High Templar x3  
  161  10:41  Immortal  
  161  10:42  Probe  
  166  10:46  Dark Templar x3  
  166  10:47  Zealot x2  
  176  10:56  Probe  
  175  10:57  Stargate  
  173  11:05  Probe  
  173  11:09  Immortal  
  176  11:12  Probe x3  
  173  11:21  Immortal  
  173  11:22  Nexus  
  173  11:25  Zealot x5  
  181  11:38  Zealot, Dark Templar  
  178  11:42  Pylon, Probe  
  178  11:45  Protoss Ground Weapons Level 2  
  179  11:48  Immortal  
  183  11:54  Pylon  
  183  12:00  Observer, Oracle  
  184  12:14  Zealot x6  
  199  12:20  Stargate  
  199  12:21  Fleet Beacon  
  199  12:27  Observer  
  199  12:28  Observer, Probe  
  198  12:30  Dark Templar  
  200  12:49  Assimilator  
  200  12:50  Assimilator  
  200  12:51  Photon Cannon x2  
  200  12:52  Shield Battery  
  200  13:04  Stargate  
  198  13:08  Stargate  
  194  13:16  Protoss Air Weapons Level 1  
  194  13:23  Observer  
  195  13:30  Pylon  
  195  13:44  Tempest  
  195  13:46  Pylon  
  200  13:54  Tempest  
  200  13:55  Tempest x2  
  197  14:04  Mothership  
  178  14:26  High Templar x2  
  178  14:27  Tempest  
  178  14:30  Oracle  
  178  14:31  Tempest x2  
  187  14:34  Pylon  
  200  14:46  Robotics Facility  
  200  14:47  Robotics Bay  
  200  15:02  Nexus  
  200  15:06  Zealot  
  200  15:10  Pylon  
  200  15:17  Zealot x3  
  200  15:18  Zealot  
  198  15:22  Photon Cannon  
  198  15:24  Photon Cannon  
  198  15:26  Photon Cannon x2  
  186  15:55  Oracle  
  183  15:57  Photon Cannon  
  183  15:58  Shield Battery  
  180  16:05  Zealot x8  
  180  16:08  Protoss Air Weapons Level 2  
  178  16:21  Carrier x3  
  194  16:28  Unknown  
  192  16:32  Oracle  
  192  16:43  Pylon  
  192  16:51  Protoss Ground Weapons Level 3  
  192  16:55  Cybernetics Core  
  192  17:06  Disruptor x2  
  198  17:15  Photon Cannon  
  198  17:17  Photon Cannon  
  198  17:19  Pylon  
  198  17:22  Nexus  
  198  17:29  Mothership  
  195  17:33  Pylon  
  195  17:34  Phoenix  
  196  17:48  Photon Cannon  
  196  17:50  Photon Cannon  
  196  17:53  Photon Cannon  
  196  17:55  Pylon  
  196  18:04  Photon Cannon  
  196  18:05  Photon Cannon  
  192  18:08  Photon Cannon  
  192  18:15  Blink, Protoss Air Armor Level 1  
  192  18:19  Anion Pulse-Crystals  
  192  18:22  Gravitic Drive  
  192  18:26  Photon Cannon  
  192  18:27  Photon Cannon  
  192  18:30  Photon Cannon  
  192  18:31  Carrier x2  
  193  18:38  Shield Battery, Assimilator  
  193  18:39  Assimilator  
  193  18:41  Carrier  
  199  19:05  Nexus  
  192  19:12  Disruptor x2  
  192  19:15  Pylon, Carrier  
  200  19:19  Gravitic Boosters  
  178  19:31  Pylon  
  178  19:32  Protoss Air Weapons Level 3  
  178  19:35  Carrier, Assimilator  
  178  19:37  Protoss Shields Level 1  
  184  19:40  Photon Cannon  
  184  19:41  Photon Cannon  
  184  19:42  Carrier  
  184  19:43  Photon Cannon  
  184  19:45  Photon Cannon, Carrier  
  194  19:46  Shield Battery  
  194  19:48  Shield Battery  
  194  19:49  Stargate  
  194  19:50  Stargate  
  191  20:16  Resonating Glaives  
  191  20:19  Oracle  
  194  20:23  Dark Templar x3  
  194  20:27  Protoss Air Armor Level 2  
  198  20:49  Photon Cannon  
  196  20:50  Adept x2  
  200  21:00  Mothership  
  198  21:07  Assimilator  
  195  21:24  Pylon  
  195  21:25  Adept x2  
  199  21:27  Assimilator  
  193  21:43  Protoss Shields Level 2  
  193  21:47  Adept x3  
  199  21:54  Shadow Stride  
  199  22:05  Oracle  
  199  22:06  Carrier  
  196  22:15  Photon Cannon  
  196  22:16  Photon Cannon  
  196  22:18  Photon Cannon  
  196  22:20  Shield Battery, Archon  
  196  22:25  Carrier  
  198  22:31  High Templar  
  198  22:42  Warp Prism  
  195  23:08  Adept x3  
  193  23:20  High Templar  
  193  23:27  Carrier  
  163  23:50  Carrier x3  
  163  23:52  Immortal  
  163  23:55  Warp Prism  
  185  24:01  High Templar x4  
  195  24:12  Zealot  
  195  24:13  Zealot  
  191  24:21  Zealot x2  
  191  24:22  Archon  
  191  24:23  Archon  
  184  24:28  Disruptor  
  184  24:31  Carrier, Probe, Disruptor  
  190  24:32  Probe  
  198  24:45  Pylon x2  
  198  24:51  Protoss Shields Level 3  
  198  24:55  High Templar  
  200  25:07  Pylon  
  200  25:12  Protoss Air Armor Level 3  
  200  25:15  Photon Cannon  
  200  25:17  Photon Cannon  
  200  25:19  Photon Cannon  
  192  25:33  High Templar x4  
  199  26:12  Photon Cannon, Pylon  
  199  26:14  Pylon  
  199  26:32  Mothership  
  199  27:10  Pylon  
  199  27:15  Pylon  
  199  27:16  Pylon  
  199  27:18  Pylon  
  199  27:19  Nexus  
  198  27:36  Carrier  
  198  27:44  Pylon  
  198  27:53  Pylon  
  198  27:56  Shield Battery  
  195  28:07  Photon Cannon  
  195  28:08  Photon Cannon  
  195  28:10  Photon Cannon  
  195  28:11  Photon Cannon  
  195  28:13  Adept x2  
  195  28:16  Assimilator  
  195  28:17  Assimilator  
  195  28:18  Photon Cannon  
  195  28:19  Photon Cannon  
  195  28:31  Carrier  
  195  28:32  Oracle  
  197  28:34  Protoss Ground Armor Level 1  
  194  28:41  Adept x3  
  188  29:03  Disruptor  
  188  29:08  Disruptor  
  188  29:09  High Templar  
  174  29:10  High Templar x3  
  174  29:12  Zealot x4  
  188  29:21  Probe  
  189  29:34  Disruptor  
  189  29:37  Pylon  
  189  29:42  Zealot x4  
  198  29:55  Zealot  
  200  30:02  Pylon  
  200  30:12  Pylon  
  200  30:32  Carrier x3  
  198  30:40  Oracle, Disruptor  
  198  30:42  Disruptor  
  197  31:02  Photon Cannon  
  197  31:03  Shield Battery  
  197  31:05  Adept  
  197  31:10  Observer  
  200  31:18  Protoss Ground Armor Level 2  
  200  31:30  Mothership  
  186  31:41  Pylon  
  186  31:42  Carrier  
  200  31:51  Adept  
  200  32:04  Photon Cannon  
  198  32:15  Photon Cannon  
  198  32:17  Photon Cannon  
  196  32:28  Adept  
  196  32:29  Adept  
  200  32:46  Pylon  
  196  33:06  Adept x2  
  200  33:31  Adept  
  200  33:32  Adept  
  163  34:14  Zealot x7  
  163  34:15  Zealot  
  126  34:26  Probe  
  115  34:35  Stalker  
  115  34:36  Zealot x7  
Tags
 
Add a new tag
Caveats
  • Supply blocks, unpowered buildings, or Contaminate may cause inaccurate times.
  • Supply counts are checked every 10 seconds.